General information
- name: BNet
- type: Ladder team game (AT/RT)
- host: Battle.net
- saver: Shadow303
map: MarketSquare
- players: 8
- length: 15:47
- speed: Fast
- version: 1.26 W3XP
- replay type: Public
» download(72 KB)
Players
team 1 (loser)

»
heimdall (
red | 39 APM | 225 actions | 05:47)
2 Dark Ranger
1 Black Arrow
1 Silence
» actions
| Build / train | 17 | |
| Enter build submenu | 9 | |
| Enter hero's abilities submenu | 2 | |
| Right click | 87 | |
| Select / deselect | 100 | |
| Use ability | 10 | |
225 total
» units
| Acolyte | 3 | |
| Ghoul | 2 | |
| Crypt Fiend | 5 | |
10 total
» buildings
| Ziggurat | 3 | |
| Crypt | 1 | |
| Altar of Darkness | 1 | |
| Graveyard | 1 | |
| Nerubian Tower | 1 | |
| Tomb of Relics | 1 | |
| Spirit Tower | 1 | |
| Halls of the Dead | 1 | |
10 total
» build order
00:08 Ziggurat
00:12 Crypt
00:37 Altar of Darkness
00:59 Graveyard
01:40 Ziggurat
01:56 Nerubian Tower
02:06 Tomb of Relics
03:03 Ziggurat
03:59 Spirit Tower
05:00 Halls of the Dead
» items

»
ButtSexAllDay (
teal | 42 APM | 224 actions | 05:22)
1 Blademaster
1 Wind Walk
» actions
| Assign group hotkey | 3 | |
| Basic commands | 12 | |
| Build / train | 17 | |
| Enter build submenu | 8 | |
| Enter hero's abilities submenu | 1 | |
| Right click | 70 | |
| Select / deselect | 101 | |
| Use ability | 12 | |
224 total
» units
» buildings
| Orc Burrow | 5 | |
| Altar of Storms | 1 | |
| Barracks | 1 | |
| Voodoo Lounge | 1 | |
8 total
» build order
00:14 Orc Burrow
00:20 Altar of Storms
01:17 Barracks
01:25 Orc Burrow
01:55 Voodoo Lounge
02:52 Orc Burrow
03:57 Orc Burrow
04:00 Orc Burrow
IASENGADRT (
pink | 65 APM | 399 actions | 06:06)
3 Death Knight
2 Death Coil
1 Unholy Aura
» actions
| Assign group hotkey | 6 | |
| Basic commands | 49 | |
| Build / train | 33 | |
| Enter build submenu | 9 | |
| Enter hero's abilities submenu | 3 | |
| Remove unit from queue | 1 | |
| Right click | 69 | |
| Select / deselect | 92 | |
| Select group hotkey | 105 | |
| Use ability | 32 | |
399 total
» units
| Acolyte | 5 | |
| Ghoul | 11 | |
| Crypt Fiend | 4 | |
20 total
» upgrades
| Creature Carapace | 1 | |
| Creature Attack | 1 | |
2 total
» buildings
| Altar of Darkness | 1 | |
| Crypt | 1 | |
| Ziggurat | 5 | |
| Graveyard | 1 | |
| Tomb of Relics | 1 | |
| Halls of the Dead | 2 | |
11 total
» build order
00:09 Altar of Darkness
00:11 Crypt
00:14 Ziggurat
01:12 Graveyard
02:00 Tomb of Relics
02:41 Ziggurat
02:46 Ziggurat
03:33 Halls of the Dead
03:33 Halls of the Dead
05:14 Ziggurat
05:16 Ziggurat
» items
azt_ (
purple | 0 APM | 5 actions | 15:45)
team 2 (winner)

»
Mekanix (
orange | 29 APM | 457 actions | 15:45)
5 Death Knight
2 Death Coil
3 Unholy Aura
2 Lich
1 Frost Nova
1 Dark Ritual
» actions
| Assign group hotkey | 18 | |
| Basic commands | 18 | |
| Build / train | 49 | |
| ESC pressed | 1 | |
| Enter build submenu | 10 | |
| Enter hero's abilities submenu | 7 | |
| Right click | 162 | |
| Select / deselect | 98 | |
| Select group hotkey | 78 | |
| Use ability | 16 | |
457 total
» units
| Acolyte | 7 | |
| Ghoul | 4 | |
| Crypt Fiend | 14 | |
| Gargoyle | 7 | |
32 total
» upgrades
| Creature Attack | 2 | |
| Creature Carapace | 2 | |
| Web | 1 | |
5 total
» buildings
| Crypt | 1 | |
| Graveyard | 1 | |
| Ziggurat | 6 | |
| Altar of Darkness | 1 | |
| Nerubian Tower | 1 | |
| Halls of the Dead | 1 | |
| Black Citadel | 1 | |
12 total
» build order
00:15 Crypt
00:36 Graveyard
00:49 Ziggurat
01:07 Altar of Darkness
01:48 Ziggurat
02:40 Ziggurat
04:14 Nerubian Tower
05:10 Halls of the Dead
06:50 Ziggurat
08:01 Ziggurat
08:10 Ziggurat
11:28 Black Citadel

»
whyRUsobad (
yellow | 85 APM | 1345 actions | 15:45)
3 Keeper of the Grove
1 Entangling Roots
2 Force of Nature
1 Priestess of the Moon
1 Trueshot Aura
» actions
| Assign group hotkey | 38 | |
| Basic commands | 168 | |
| Build / train | 120 | |
| Enter build submenu | 14 | |
| Enter hero's abilities submenu | 4 | |
| Right click | 318 | |
| Select / deselect | 228 | |
| Select group hotkey | 408 | |
| Use ability | 47 | |
1345 total
» units
» upgrades
| Improved Bows | 1 | |
| Strength of the Moon | 2 | |
| Strength of the Wild | 2 | |
| Ultravision | 1 | |
6 total
» buildings
| Altar of Elders | 1 | |
| Moon Well | 11 | |
| Ancient of War | 2 | |
| Ancient of Wonders | 1 | |
| Tree of Life | 1 | |
| Tree of Ages | 1 | |
| Hunter's Hall | 1 | |
| Tree of Eternity | 1 | |
| Ancient of Lore | 2 | |
21 total
» build order
00:23 Altar of Elders
00:26 Moon Well
01:05 Ancient of War
01:25 Ancient of Wonders
01:54 Moon Well
02:30 Ancient of War
02:49 Moon Well
02:49 Moon Well
06:13 Tree of Life
09:54 Tree of Ages
11:17 Hunter's Hall
11:20 Moon Well
11:20 Moon Well
11:21 Moon Well
11:25 Moon Well
11:25 Moon Well
11:26 Moon Well
11:27 Moon Well
12:17 Tree of Eternity
13:15 Ancient of Lore
13:23 Ancient of Lore
» items
| Moonstone | 1 | |
| Lesser Clarity Potion | 2 | |
3 total

»
Shadow303 (
green | 46 APM | 731 actions | 15:47)
1 Blademaster
1 Wind Walk
» actions
| Basic commands | 100 | |
| Build / train | 15 | |
| ESC pressed | 1 | |
| Enter build submenu | 6 | |
| Enter hero's abilities submenu | 1 | |
| Right click | 458 | |
| Select / deselect | 119 | |
| Use ability | 31 | |
731 total
» units
» buildings
| Orc Burrow | 2 | |
| Altar of Storms | 1 | |
| War Mill | 2 | |
| Stronghold | 1 | |
| Voodoo Lounge | 1 | |
7 total
» build order
00:06 Orc Burrow
00:12 Altar of Storms
01:46 War Mill
01:48 War Mill
02:29 Stronghold
02:37 Orc Burrow
02:55 Voodoo Lounge
» items
| Boots of Speed | 1 | |
| Periapt of Vitality | 1 | |
2 total
Guinchard (
blue | 29 APM | 454 actions | 15:45)
4 Death Knight
2 Death Coil
2 Unholy Aura
» actions
| Basic commands | 12 | |
| Build / train | 54 | |
| Enter build submenu | 14 | |
| Enter hero's abilities submenu | 4 | |
| Remove unit from queue | 4 | |
| Right click | 175 | |
| Select / deselect | 168 | |
| Use ability | 23 | |
454 total
» units
| Acolyte | 7 | |
| Ghoul | 13 | |
| Crypt Fiend | 16 | |
36 total
» upgrades
| Cannibalize | 1 | |
| Creature Attack | 3 | |
| Creature Carapace | 2 | |
| Web | 1 | |
7 total
» buildings
| Altar of Darkness | 1 | |
| Crypt | 2 | |
| Ziggurat | 9 | |
| Graveyard | 1 | |
| Halls of the Dead | 1 | |
| Black Citadel | 1 | |
15 total
» build order
00:18 Altar of Darkness
00:23 Crypt
00:33 Ziggurat
01:39 Ziggurat
02:19 Crypt
03:10 Ziggurat
05:56 Graveyard
07:32 Ziggurat
08:13 Halls of the Dead
08:23 Ziggurat
08:34 Ziggurat
08:37 Ziggurat
08:44 Ziggurat
08:49 Ziggurat
10:44 Black Citadel
Chat log
(00:06 / Allies) Guinchard: fiends/necs
(00:08 / All) Mekanix: :D
(00:10 / All) ButtSexAllDay: my balls!
(00:18 / Allies) whyRUsobad: mass melee green?
(00:23 / Allies) Shadow303: teching to mass winds
(00:29 / Allies) Shadow303: to attack enemy expos
(00:31 / Allies) whyRUsobad: then imust backstab
(00:32 / Allies) Shadow303: you guys expo
(00:35 / All) ButtSexAllDay: who like balls rubbing against eachother?
(00:40 / Allies) Shadow303: oh come
(00:40 / Allies) whyRUsobad: teching=noob
(00:42 / Allies) Mekanix: cmon yellow
(00:43 / Allies) whyRUsobad: and i dont' give noobs wins
(00:44 / Allies) Mekanix: ncbs?
(00:46 / Allies) Shadow303: so far I've kept on winning
(00:50 / Allies) whyRUsobad: scout/mass/pressure/counter what you see
(00:55 / Allies) whyRUsobad: noobs tech
(01:04 / Allies) Shadow303: well I'm not going grunts
(01:07 / Allies) Shadow303: they can't fly
(01:09 / Allies) whyRUsobad: ud
(01:14 / Allies) whyRUsobad: you dont' need air to win
(01:16 / Allies) Shadow303: so what?
(01:20 / Allies) Shadow303: I attack enemy expos
(01:20 / Allies) whyRUsobad: you need to get wha tis going to counter the enemy
(01:25 / Allies) Shadow303: i don't care about the ud
(01:27 / All) ButtSexAllDay: hi yellow
(01:29 / Allies) whyRUsobad: grunt
(01:33 / Allies) whyRUsobad: they will grunt fiend
(01:38 / Allies) whyRUsobad: we need grunt arch on this side
(01:40 / Allies) whyRUsobad: period
(01:41 / All) ButtSexAllDay: scouting early is stupid
(01:47 / Allies) whyRUsobad: teching vs ud is bad
(01:49 / All) whyRUsobad: says you
(02:03 / All) ButtSexAllDay: just to know the race? lolz
(02:04 / Allies) Shadow303: I'm not intending to fight ud with air
(02:09 / All) ButtSexAllDay: how does the define what I'm getting?
(02:09 / All) whyRUsobad: i see you goign grunt
(02:10 / Allies) Shadow303: I prevent enemy from expoing
(02:12 / All) whyRUsobad: and i see purp is afk
(02:13 / Allies) Shadow303: while we expo
(02:13 / All) whyRUsobad: get it?
(02:15 / Allies) whyRUsobad: purp afk
(02:17 / Allies) Shadow303: cc
(02:18 / Allies) whyRUsobad: mass rush wins
(02:19 / Allies) Shadow303: please
(02:20 / Allies) whyRUsobad: game is 4v3
(02:23 / Allies) whyRUsobad: why tech and make it 3v3
(02:26 / All) ButtSexAllDay: what else can I get besides grutns or hh?
(02:32 / All) Mekanix: purple urple
(03:00 / Allies) whyRUsobad: they tri ud
(03:01 / Allies) whyRUsobad: air is noob
(03:10 / Allies) Shadow303: still got no other choice
(03:11 / Allies) whyRUsobad: hit hard
(03:13 / Allies) whyRUsobad: kill early
(03:15 / All) Mekanix: my team talks too much
(03:19 / Allies) whyRUsobad: so i will kill you with a few arch
(03:20 / Allies) Shadow303: rush will fail anyway
(03:23 / Allies) Shadow303: I only have bm
(03:24 / Allies) whyRUsobad: and show you how stupid techign is
(03:33 / Allies) Shadow303: then we lose
(03:35 / Allies) Shadow303: so be it
(03:42 / Allies) Shadow303: it will be good for my rec anyway
(03:43 / Allies) Mekanix: SHUT THE FUCK UP
(03:45 / Allies) Shadow303: due to the AMM
(03:46 / Allies) whyRUsobad: k
(04:00 / Allies) whyRUsobad: plz tell me what it is like to be bad green?
(04:12 / Allies) Shadow303: you be a teamplayer
(04:15 / Allies) Shadow303: please yellow
(04:22 / Allies) whyRUsobad: too late
(04:25 / Allies) whyRUsobad: i rather expo your base
(04:29 / Allies) Mekanix: im in ur clan yellow
(04:33 / Allies) Mekanix: just play the game
(04:34 / Allies) whyRUsobad: you are worthless anyway
(04:36 / Allies) whyRUsobad: so hit south oj
(04:38 / Allies) whyRUsobad: purp is afk
(04:40 / Allies) whyRUsobad: it be equal
(04:41 / Allies) Shadow303: omg
(04:45 / Allies) Shadow303: dont do this!
(05:14 / Allies) Guinchard: who wants help with mine
(05:53 / Allies) Shadow303: you are so bad yellow
(06:21 / Allies) whyRUsobad: no micro needed
(07:33 / Allies) Shadow303: yellow still backstabs me
(07:40 / Allies) whyRUsobad: cause you bad
(09:02 / Allies) Shadow303: backstabber yellow
(09:09 / Allies) Shadow303: I'll bet your level is too high too
(09:14 / Allies) Shadow303: it's not cuz I teched
(09:16 / Allies) Shadow303: admit it
(09:24 / Allies) Shadow303: you can't either yourself either
(09:27 / Allies) Shadow303: win
(09:28 / All) Mekanix: actually green.. ppl win like that all the time
(09:33 / All) Mekanix: take ur mine and own shit
(09:38 / Allies) whyRUsobad: exactly
(09:46 / Allies) Shadow303: wow thanks for being on his side
(09:53 / Allies) whyRUsobad: you are trash green
(09:54 / Allies) Shadow303: you're not helping
(09:57 / All) Mekanix: nopt on a side.. i speak the truth bud
(10:06 / Allies) Shadow303: teching is a gamble
(10:06 / Allies) whyRUsobad: i killed you w/ a few arch
(10:08 / Allies) whyRUsobad: and no micxro
(10:09 / Allies) whyRUsobad: get a clue
(10:10 / Allies) Shadow303: but have to be done
(10:11 / Allies) whyRUsobad: NO SHIT
(10:13 / All) Mekanix: read my profile green.. i tk all the time myself
(10:15 / Allies) Shadow303: on this map yes
(10:15 / Allies) whyRUsobad: to win
(10:18 / Allies) whyRUsobad: gamble=nooob
(10:29 / Allies) whyRUsobad: i told you we vs tri ud
(10:33 / Allies) Shadow303: need I remind you guys
(10:35 / Allies) whyRUsobad: air is fuckign stupid beyond belief
(10:43 / Allies) Shadow303: if the enemy still players
(10:46 / Allies) Shadow303: we may have lost
(10:53 / Allies) Shadow303: fortunately for me
(10:53 / Allies) whyRUsobad: and you earned it
(10:55 / Allies) Shadow303: we will win
(10:56 / Allies) whyRUsobad: if oj wasnt' in my clan
(10:59 / Allies) whyRUsobad: i woudl bs all and give them win
(11:09 / Allies) Mekanix: thank goodness
(11:11 / Allies) Mekanix: lol
(11:20 / Allies) Shadow303: if I backstab someone with a high level account
(11:25 / Allies) Shadow303: it's due to the AMM reason
(11:36 / Allies) whyRUsobad: kid..
(11:39 / Allies) whyRUsobad: i have every icon
(11:39 / Allies) whyRUsobad: stfu
(11:41 / Allies) whyRUsobad: you know ntohing
(11:44 / Allies) Shadow303: otherwise it's for fun on single digit accs
(12:07 / Allies) Shadow303: no I won't be quiet
(12:15 / Allies) Shadow303: yellow is mean here
(12:24 / Allies) Shadow303: parents have raised you bad
(12:27 / Allies) Shadow303: really bad
(12:28 / Allies) Mekanix: son
(12:32 / Allies) Mekanix: look at my fb
(12:36 / Allies) Mekanix: i made 90 k a year
(12:48 / Allies) Shadow303: that's because you have dreams
(12:50 / Allies) Mekanix: im on standby at a hotel getin 12 hours a day.. been for a week ;)
(13:08 / Allies) Shadow303: yeah well you think life is fun
(13:10 / All) Mekanix: had dreams... made them happen
(13:14 / Allies) Shadow303: well it ain't really so
(13:22 / Allies) Mekanix: ur life may not be
(13:23 / Allies) Shadow303: not for me
(13:26 / Allies) Mekanix: god gifts me
(13:38 / Allies) Shadow303: that's exactly what I mean...
(13:43 / Allies) Shadow303: you think ungodly
(13:58 / Allies) Mekanix: ?
(13:59 / Allies) Shadow303: and that's why you make dreams come true
(14:00 / Allies) whyRUsobad: no, i just know you are trash
(14:03 / Allies) Mekanix: ur senseles
(14:05 / Allies) Mekanix: s
(14:05 / Allies) Shadow303: and to think without the consequences
(14:24 / Allies) Shadow303: call me an earthly loser
(14:27 / Allies) Shadow303: I'll accept that
(14:39 / Allies) Shadow303: because I am
(14:40 / Allies) Shadow303: basically
(14:46 / Allies) Shadow303: for now anyway...
(14:51 / Allies) Mekanix: tempted to hand green a loss..
(14:54 / Allies) Shadow303: never mind getting a job
(14:57 / Allies) whyRUsobad: exactly
(15:01 / Allies) whyRUsobad: see why i bs
(15:07 / Allies) Shadow303: I don't even have a financial motive to even work
(15:13 / Allies) Mekanix: btw green because u didnt go to school and work at mcdonalds doesnt mean succesfull ppl dont play games
(15:35 / Allies) whyRUsobad: exactly
(15:37 / Allies) Shadow303: and this is all because I teched?
(15:38 / Allies) whyRUsobad: i built a business
(15:41 / Allies) Shadow303: shame on you guys
(15:42 / Allies) whyRUsobad: and it is making money as i speak